 Dungeon Crawl Stone Soup version 0.29.1-15-g9cfb28693d (webtiles) character file.

Game seed: 10623533711843844307

42 101zpm the Magician (level 3, -2/25 HPs)
             Began as a Djinni Fire Elementalist on Mar 16, 2023.
             Slain by Robin
             ... wielding a +0 spear
              (4 damage)
             ... on level 2 of the Dungeon.
             The game lasted 00:06:31 (1647 turns).

101zpm the Magician (Djinni Fire Elementalist)      Turns: 1647, Time: 00:06:32

Health: -2/25      AC:  3    Str:  7    XL:     3   Next: 80%
Gold:   49         EV: 12    Int: 18    God:
                   SH:  0    Dex: 13

rFire   + + .      SeeInvis .   (no weapon)
rCold   x . .      Faith    .   (no shield)
rNeg    . . .      Spirit   .   a - +0 robe
rPois   ∞          Reflect  .   (no helmet)
rElec   .          Harm     .   e - scarf {repulsion}
rCorr   .          Rampage  .   g - +0 pair of gloves
Will    +....                   (boots unavailable)
Stlth   ++........              (no amulet)
HPRegen 0.08/turn               c - ring of willpower
MPRegen 0.00/turn               (no ring)

@: flying, very slightly contaminated, slowed, repel missiles, very slow
A: sickness immunity, fire resistance 2, cold vulnerability 1, float, innate
caster, HP casting, extra vitality 1
a: no special abilities


You were on level 2 of the Dungeon.
You visited 1 branch of the dungeon, and saw 2 of its levels.

You collected 49 gold pieces.

Inventory:

Missiles
 b - a boomerang (quivered)
Armour
 a - a +0 robe (worn)
 e - a scarf of repulsion (worn)
 g - a +0 pair of gloves (worn)
Jewellery
 c - a ring of willpower (left hand)
 d - an amulet of faith
Scrolls
 f - 3 scrolls of amnesia {unknown}
 i - a scroll of blinking {unknown}
 j - a scroll of fog {unknown}
Potions
 h - a potion of mutation {unknown}


   Skills:
 + Level 0.8 Throwing
 + Level 2.3 Dodging
 + Level 1.9 Stealth
 + Level 3.1 Spellcasting


You couldn't memorise any spells.
You knew the following spells:

 Your Spells              Type           Power      Damage    Failure   Level
a - Foxfire               Conj/Fire      56%        2x1d6     4%          1
b - Scorch                Fire           28%        2d6       7%          2
c - Conjure Flame         Conj/Fire      14%        6-21      13%         3
d - Inner Flame           Hex/Fire       14%        N/A       13%         3
e - Flame Wave            Conj/Fire      14%        2d6       41%         4
f - Sandblast             Erth           28%        2d8       4%          1
Your spell library was empty.

Dungeon Overview and Level Annotations

Branches:
Dungeon (2/15)

Altars:

Shops:
D:2 :

Annotations:
D:2 Robin


Innate Abilities, Weirdness & Mutations

You are immune to sickness and miasma.
You are immune to poison.
Your flesh is very heat resistant. (rF++)
You are vulnerable to cold. (rC-)
You float through the air rather than walking.
You learn spells naturally, not from books.
Your magical power is your life essence.
You have superior vitality. (+4 MHP)


Message History

You are very lightly contaminated with residual magic.
Nothing appears to happen.
Robin shouts!
You hear a shout!
Robin throws the goblin at you!
You hear a shout!
Casting: Inner Flame (quite dangerous; 13% risk of failure)
Confirm with . or Enter, or press ? or * to list all spells.
Flames lash the goblin.
You kill the goblin!
* * * LOW HITPOINT WARNING * * *
Robin roars a battlecry!
You hear a shout!
Casting: Scorch (safe; 7% risk of failure)
Confirm with . or Enter, or press ? or * to list all spells.
The spell is quite dangerous to miscast (13% risk of failure)!
Continue anyway?
Aiming: Inner Flame (quite dangerous; 13% risk of failure)
Press: ? - help, Dir - move target, f/p - Robin
Aim: Robin, wielding a +0 spear, wearing a +0 animal skin and wearing a +0 helmet (chance to affect: 75%)
You miscast Inner Flame.
You feel off-balance for a moment.
You feel yourself slow down.
* * * LOW HITPOINT WARNING * * *
Casting: Inner Flame (quite dangerous; 13% risk of failure)
Confirm with . or Enter, or press ? or * to list all spells.
The spell is quite dangerous to miscast (13% risk of failure)!
Continue anyway?
Aiming: Inner Flame (quite dangerous; 13% risk of failure)
Press: ? - help, Dir - move target, f/p - Robin
Aim: Robin, wielding a +0 spear, wearing a +0 animal skin and wearing a +0 helmet (chance to affect: 75%) Robin is filled with an inner flame.
* * * LOW HITPOINT WARNING * * *
Casting: Inner Flame (quite dangerous; 13% risk of failure)
Confirm with . or Enter, or press ? or * to list all spells.
You don't have enough health to cast this spell.
Throw: boomerang
Press: ? - help, Q - select action, (/) - cycle Shift-Dir - straight line, f/p - Robin
Aim: Robin, wielding a +0 spear, wearing a +0 animal skin and wearing a +0 helmet (inner flame, 64% to hit)
You throw a boomerang. The boomerang closely misses Robin.
Robin completely misses you.
A goblin comes into view. It is wielding a +0 club.
Robin hits you from afar with a +0 spear.
You die...

**#...######.....................
........** ####)..........###..#.
.....##..*#####............##..#.
......,#.......)#.#..........?...
.......,........).....).##.......
....##.,,........#....#.#*.......
,,,,,,,,,.....................g.>
,^,,,,,,,.....###....####...g....
,,,,***,,.......@.##..#*##...g.gg
,,,,* **,......)..g....#**,,,,,,,
*,,** **,................,,,,,,,,
,,>****,,...........#.####,,,****
,,,,,,,,,....#.....g#..# *,*,,,**
,,,,***,*....#.......,,#**,***,,,
,,,,,**,*...,#......##,,,*,******
,,,*,**,*(.,,########*,*,*,**,,,,
****,**,****** *,*,,,**,,,,


You could see Robin (inner flame) and a goblin (strong).

Vanquished Creatures
  A worm (D:2)
  3 orcs (D:2)
  3 ball pythons
  5 endoplasms
  A giant cockroach (D:2)
  6 goblins (D:2)
  4 hobgoblins
  A jackal (D:2)
  2 bats (D:2)
  A kobold (D:1)
  4 rats
31 creatures vanquished.

Vanquished Creatures (others)
  51 foxfires
51 creatures vanquished.

Grand Total: 82 creatures vanquished

Notes
Turn   | Place    | Note
-------+----------+-------------------------------------------
     0 | D:1      | 101zpm the Djinni Fire Elementalist began the quest for the
                  | Orb.
     0 | D:1      | 101zpm set off with the following spells memorised:
                  | Foxfire, Scorch, Conjure Flame, Inner Flame, Flame Wave.
     0 | D:1      | Reached XP level 1. HP: 15/15 MP: 0/0
   489 | D:1      | Reached XP level 2. HP: 18/21 MP: 0/0
  1042 | D:2      | Reached XP level 3. HP: 1/25 MP: 0/0
  1042 | D:2      | Learned a level 1 spell: Sandblast
  1044 | D:2      | Reached skill level 3 in Spellcasting
  1601 | D:2      | Found Pecuclip's Book Shop.
  1642 | D:2      | Noticed Robin
  1647 | D:2      | Slain by Robin

Illustrated notes

Levels and vault maps discovered:
D:1:      lightli_arrival_windingriver, layout_basic
D:2:      layout_rooms, serial_shops, shop, minmay_split_cup_small, uniq_robin,
          uniq_jessica

Skill      XL: |  1  2  3 |
---------------+----------+-----
Spellcasting   | 3 |  3.1
Throwing       | |  0.8
Dodging        | |  2.3
Stealth        | |  1.9

Action                   || total
-------------------------++-------
Throw: Boomerang         ||    47
 Cast: Foxfire           ||    29
       Scorch            ||     8
       Inner Flame       ||     7
  Use: Scroll            ||     3
       Potion            ||     1
Armor: Robe              ||     6
Dodge: Dodged            ||     8
